 Dungeon Crawl Stone Soup version 0.22-a0-259-gdd11e71 (webtiles) character file.

57054 Zwobot the Martial Artist (level 14, -1/118 HPs)
             Began as an Octopode Arcane Marksman on Mar 5, 2018.
             Was an Initiate of Gozag.
             Shot with a bolt by an orc warrior (22 damage)
             ... on level 2 of the Orcish Mines.
             The game lasted 02:21:42 (37815 turns).

Zwobot the Martial Artist (OpAM)                   Turns: 37815, Time: 02:21:42

Health: -1/118     AC:  7    Str:  9    XL:     14   Next: 84%
Magic:  0/38       EV: 11    Int: 22    God:    Gozag
Gold:   1966       SH:  0    Dex: 18    Spells: 6/21 levels left

rFire    . . .     SeeInvis .     - Unarmed
rCold    + + .     Gourm    .   (shield currently unavailable)
rNeg     + + .     Faith    .   (helmet currently unavailable)
rPois    +         Spirit   +   f - amulet of guardian spirit
rElec    .         Reflect  .   t - ring "Dogidoka" {rCorr rN+ Int+4}
rCorr    +         Harm     .   K - ring of magical power
MR       +....                  n - ring of wizardry
Stlth    +++.......             r - ring of fire
HPRegen  0.29/turn              Y - ring of magical power
MPRegen  0.26/turn              D - ring of positive energy
                                u - ring of wizardry
                                b - +3 ring of intelligence

@: ice-form, gold aura
A: large, almost no armour, stealthy swim, amphibious, 8 rings, (constrict 8)
a: End Transformation, Potion Petition, Call Merchant, Bribe Branch, Renounce
Religion


You were on level 2 of the Orcish Mines.
You worshipped Gozag.
Gozag was most pleased with you.
You were not hungry.
You were a creature of crystalline ice.
You visited 4 branches of the dungeon, and saw 24 of its levels.

You collected 5286 gold pieces.
You spent 310 gold pieces at shops.
You paid 3010 gold pieces to Gozag.

Inventory:

Hand Weapons
 a - a +3 hand crossbow (melded)
 A - a +0 blowgun
Missiles
 c - 125 bolts
 F - 75 poisoned needles
 Z - 4 throwing nets (quivered)
Armour
 k - a +0 shield (melded)
 y - a +2 large shield
Jewellery
 b - a +3 ring of intelligence (on tentacle)
 f - an amulet of guardian spirit (around neck)
 n - a ring of wizardry (on tentacle)
 r - a ring of fire (on tentacle)
 t - the ring "Dogidoka" (left front paw) {rCorr rN+ Int+4}
   (You acquired it on level 5 of the Dungeon)

   [ring of resist corrosion]

   It affects your intelligence (+4).
   It protects you from negative energy.
 u - a ring of wizardry (on tentacle)
 D - a ring of positive energy (on tentacle)
 H - an uncursed ring of ice
 K - a ring of magical power (right front paw)
 Y - a ring of magical power (on tentacle)
Wands
 l - a wand of random effects (110)
 q - a wand of polymorph (63)
 v - a wand of digging (15)
 C - a wand of flame (54)
 I - a wand of iceblast (1)
 V - a wand of scattershot (7)
 X - a wand of disintegration (8)
Scrolls
 g - 7 scrolls of immolation
 h - 2 scrolls of enchant armour
 i - 6 scrolls of remove curse
 j - 2 scrolls of blinking
 s - 5 scrolls of fog
 z - 2 scrolls of magic mapping
 B - 3 scrolls of amnesia
 E - 2 scrolls of vulnerability
 N - a scroll of silence
 O - a scroll of holy word
 P - 4 scrolls of fear
 U - 3 scrolls of identify
Potions
 e - 5 potions of curing
 m - a potion of haste
 o - a potion of cancellation {unknown}
 p - 4 potions of might
 w - 3 potions of mutation
 x - 2 potions of invisibility
 G - a potion of brilliance
 Q - 3 potions of flight
 S - 2 potions of lignification
 T - 2 potions of magic
Miscellaneous
 W - a lamp of fire
Comestibles
 d - 3 rations


   Skills:
 - Level 10.0 Fighting
 - Level 3.7 Crossbows
 - Level 3.1 Dodging
 - Level 4.0 Stealth
 + Level 13.1 Shields
 + Level 14.4 Unarmed Combat
 - Level 4.0 Spellcasting
 - Level 6.4 Hexes
 - Level 6.0 Transmutations
 - Level 6.0 Ice Magic
 - Level 4.4 Evocations


You had 6 spell levels left.
You knew the following spells:

 Your Spells              Type           Power        Failure   Level  Hunger
a - Slow                  Hex            ####....     1%          2    #......
b - Animate Skeleton      Necr           N/A          3%          1    None
c - Confusing Touch       Hex            ####..       1%          1    None
d - Corona                Hex            ####...      1%          1    None
e - Cause Fear            Hex            ####......   2%          4    ####...
f - Ice Form              Ice/Tmut       ####....     2%          4    ####...
g - Passwall              Tmut/Erth      ###.......   1%          2    #......


Dungeon Overview and Level Annotations

Branches:
Dungeon (15/15)            Temple (1/1) D:7            Lair (6/6) D:8
  Swamp (0/4) Lair:2        Snake (0/4) Lair:2        Slime (0/5) Lair:6
    Orc (2/2) D:11         Vaults (0/5) D:14
    Elf: Orc:2       Depths: D:15

Altars:
Ashenzari
Dithmenos
Fedhas
Gozag
Hepliaklqana
Makhleb
Qazlal
Ru
Uskayaw
Wu Jian
Yredelemnul
The Shining One
Beogh

Shops:
D:9 %   D:10 **   D:14 *   Lair:4 *

Annotations:
D:10 2 runed doors
Lair:2 Urug


Innate Abilities, Weirdness & Mutations

You cannot wear most types of armour.
You are very stealthy in the water. (Stealth+)
You are amphibious.
You can wear up to eight rings at the same time.
((You can use your tentacles to constrict eight enemies at once.))
((Your skin changes colour to match your surroundings (Stealth+).))
((Your rubbery body absorbs attacks. (AC +1, EV +1)))


Message History

You kill the centaur!
As you read the scroll of fog, it crumbles to dust.
The scroll dissolves into smoke.
The orc warrior shoots a bolt.
The bolt hits you!!
* * * LOW HITPOINT WARNING * * *
The orc knight suddenly complains.
The orc knight shoots a bolt.
The bolt hits you!!
* * * LOW HITPOINT WARNING * * *
You now have 1966 gold pieces (gained 3).
The orc warrior shoots a bolt.
The bolt closely misses you.
You see here an arrow.
You feel much better.
Evoke which item? (* to show all) (? for menu, Esc to quit)
Okay, then.
As you read the scroll of fog, it crumbles to dust.
The scroll dissolves into smoke.
The orc warrior shoots a bolt.
The bolt hits you but does no damage.
The orc warrior shoots a bolt.
The bolt hits you!!
You die...
Your body crumbles into a pile of gold.

##.........#..)[($.$((.o.##
##.........###....([(.....#
##........#.# ##....($(...##
#........#### #...$§§§....#
##.#.<...#.######[.o§§...##
#..#...(.$..##.#[[$o§......#
## ##.........)[[$...#...$..
...(..(..$<§§§.####......
#.........Y§§§$..# ......
##.........§§§§.## .....
##...$(...§...## ....
#......(....## ...
##.(.......## ##..#....##
####...## #..## ###


You could see an orc knight and an orc warrior.

Vanquished Creatures
  An orc warlord (Orc:1)
  An ettin (Orc:1)
  Fannar (Lair:2)
  A hydra (Lair:5)
  Harold (D:10)
  12 two-headed ogres
  An anaconda (Lair:6)
  Erica (D:10)
  3 centaur warriors
  An ogre mage (D:15)
  An orc high priest (Orc:1)
  Nergalle (D:10)
  3 deep elf archers
  2 unseen horrors
  4 orc knights
  An orc sorcerer (Orc:2)
  A lindwurm (Lair:4)
  4 deep elf magi (D:14)
  A manticore (D:13)
  A cyclops (D:12)
  3 elephants (Lair:6)
  4 black mambas
  A torpor snail (Lair:5)
  3 gargoyles
  8 spiny frogs
  3 rime drakes
  A freezing wraith (D:15)
  2 komodo dragons
  4 trolls
  Grinder (D:4)
  2 hornets (D:12)
  5 slime creatures
  4 blink frogs (Lair:3)
  14 hippogriffs
  A hippogriff (shapeshifter) (D:15)
  A wyvern (Lair:5)
  A wraith (D:12)
  31 yaks
  Eustachio (D:4)
  3 basilisks
  A steam dragon (D:11)
  2 hungry ghosts
  Edmund (D:5)
  A warg (Orc:1)
  2 nagas
  An acid dragon (D:9)
  12 porcupines
  Duvessa (D:7)
  9 water moccasins
  2 black bears
  2 ice beasts
  29 orc warriors
  2 sky beasts
  2 eyes of draining
  2 phantoms (D:8)
  10 ogres
  3 wolves (Lair:1)
  A boggart (D:14)
  25 centaurs
  8 crocodiles
  7 big kobolds
  A gnoll sergeant (D:5)
  13 bullfrogs
  Dowan (D:7)
  6 scorpions
  13 killer bees
  10 wights
  2 electric eels
  2 howler monkeys (D:11)
  6 crimson imps
  A bullfrog zombie (D:7)
  A quasit (D:8)
  5 hounds
  11 orc priests
  2 bullfrog skeletons
  A jelly (D:11)
  17 orc wizards
  3 iguanas
  Ijyb (D:5)
  7 worker ants
  2 hound skeletons
  2 hound zombies (D:10)
  17 gnolls
  14 adders
  A shadow imp (D:10)
  A white imp (D:9)
  An ooze (D:1)
  2 adder skeletons
  4 worms
  2 leopard geckos
  97 orcs
  4 giant cockroaches
  10 goblins
  8 hobgoblins
  22 jackals
  23 kobolds
  5 quokkas
  A ball python skeleton (D:6)
  5 bats
  5 frilled lizards
  A quokka skeleton (D:6)
  4 rats
  2 fungi (D:8)
  2 plants (Lair:6)
596 creatures vanquished.

Vanquished Creatures (others)
  An orc wizard (D:5)
  An orc (D:10)
  6 fungi
  5 plants
  4 toadstools (D:1)
17 creatures vanquished.

Grand Total: 613 creatures vanquished

Notes
Turn   | Place    | Note
-------+----------+-------------------------------------------
     0 | D:1      | Zwobot the Octopode Arcane Marksman began the quest for the Orb.
     0 | D:1      | Reached XP level 1. HP: 13/13 MP: 2/2
    24 | D:1      | Reached skill level 1 in Stealth
    44 | D:1      | Reached XP level 2. HP: 12/18 MP: 3/3
   521 | D:1      | Reached skill level 1 in Unarmed Combat
   524 | D:1      | Reached XP level 3. HP: 20/23 MP: 4/4
   999 | D:2      | Reached skill level 2 in Unarmed Combat
  1059 | D:2      | Learned a level 1 spell: Animate Skeleton
  1061 | D:2      | Learned a level 1 spell: Confusing Touch
  1249 | D:2      | Reached XP level 4. HP: 24/28 MP: 3/5
  1601 | D:2      | Noticed a sky beast
  2013 | D:1      | Killed a sky beast
  2013 | D:1      | Reached skill level 4 in Unarmed Combat
  2013 | D:1      | Reached XP level 5. HP: 33/33 MP: 4/6
  2306 | D:2      | Found a burning altar of Makhleb.
  2322 | D:2      | Found an ornate altar of the Wu Jian Council.
  2665 | D:3      | Reached XP level 6. HP: 38/38 MP: 7/7
  2918 | D:3      | Reached skill level 5 in Unarmed Combat
  3012 | D:3      | Learned a level 4 spell: Cause Fear
  3623 | D:4      | Noticed Eustachio
  3646 | D:4      | Killed Eustachio
  3646 | D:4      | Reached XP level 7. HP: 40/43 MP: 8/8
  4006 | D:4      | Reached skill level 6 in Unarmed Combat
  4288 | D:4      | Noticed Grinder
  4307 | D:4      | Killed Grinder
  4397 | D:4      | Found a basalt altar of Yredelemnul.
  4449 | D:4      | Found a shadowy altar of Dithmenos.
  4514 | D:4      | Reached skill level 7 in Unarmed Combat
  4514 | D:4      | Reached XP level 8. HP: 43/48 MP: 4/9
  5208 | D:5      | Entered Level 5 of the Dungeon
  5247 | D:5      | Found a glowing golden altar of the Shining One.
  6248 | D:5      | Learned a level 2 spell: Slow
  6299 | D:5      | Reached skill level 5 in Hexes
  6378 | D:5      | Noticed Ijyb
  6405 | D:5      | Killed Ijyb
  6503 | D:5      | Identified a scroll of acquirement
  6504 | D:5      | Got a translucent turquoise ring
  6505 | D:5      | Identified the ring "Dogidoka" {rCorr rN+ Int+4} (You acquired it on level 5 of the Dungeon)
  6612 | D:5      | Noticed Edmund
  6640 | D:5      | Killed Edmund
  6640 | D:5      | Reached skill level 8 in Unarmed Combat
  7343 | D:5      | Found a stormy altar of Qazlal.
  8259 | D:6      | Reached XP level 9. HP: 45/55 MP: 3/10
  8674 | D:6      | Reached skill level 9 in Unarmed Combat
  8777 | D:6      | Reached skill level 1 in Shields
  9720 | D:7      | Found a staircase to the Ecumenical Temple.
  9771 | D:7      | Found a blossoming altar of Fedhas.
  9774 | D:7      | Noticed a two-headed ogre
  9778 | D:7      | Noticed Dowan
  9779 | D:7      | Noticed Duvessa
 10778 | D:7      | Killed Dowan
 11104 | D:7      | Killed Duvessa
 11154 | Temple   | Entered the Ecumenical Temple
 11184 | Temple   | Became a worshipper of Gozag Ym Sagoz the Greedy
 11433 | D:7      | Reached skill level 10 in Unarmed Combat
 11620 | D:7      | Reached XP level 10. HP: 44/65 MP: 6/11
 11739 | D:7      | Reached skill level 5 in Fighting
 12112 | D:7      | Killed a two-headed ogre
 12112 | D:7      | Reached skill level 5 in Shields
 12407 | D:8      | Found a staircase to the Lair.
 12424 | D:8      | Reached skill level 11 in Unarmed Combat
 13547 | D:9      | Noticed a two-headed ogre
 13576 | D:9      | Killed a two-headed ogre
 13576 | D:9      | Reached XP level 11. HP: 49/71 MP: 12/12
 13943 | D:9      | Reached skill level 12 in Unarmed Combat
 14216 | D:9      | Found a sacrificial altar of Ru.
 14277 | D:10     | Entered Level 10 of the Dungeon
 14490 | D:10     | Reached skill level 1 in Evocations
 14770 | D:10     | Noticed Nergalle
 15101 | D:10     | Killed Nergalle
 15188 | D:10     | Noticed a two-headed ogre
 15213 | D:10     | Killed a two-headed ogre
 15406 | Lair:1   | Entered Level 1 of the Lair of Beasts
 16877 | Lair:2   | Found a staircase to the Swamp.
 17044 | Lair:2   | Found a staircase to the Snake Pit.
 17786 | Lair:2   | Noticed Fannar
 17878 | Lair:2   | Killed Fannar
 18235 | Lair:2   | Reached skill level 10 in Shields
 18235 | Lair:2   | Reached XP level 12. HP: 77/77 MP: 15/15
 18637 | Lair:2   | Noticed Urug
 19336 | Lair:3   | Learned a level 4 spell: Ice Form
 19388 | Lair:3   | Reached skill level 1 in Transmutations
 19388 | Lair:3   | Reached skill level 1 in Ice Magic
 20471 | Lair:4   | Bought 2 potions of heal wounds for 310 gold pieces
 21977 | Lair:5   | Noticed a six-headed hydra
 21996 | Lair:5   | Killed a six-headed hydra
 23218 | Lair:6   | Entered Level 6 of the Lair of Beasts
 23233 | Lair:6   | Reached skill level 5 in Transmutations
 23263 | Lair:6   | Reached skill level 5 in Ice Magic
 23740 | Lair:6   | Reached XP level 13. HP: 84/84 MP: 16/16
 23781 | Lair:6   | Found a staircase to the Slime Pits.
 24953 | Lair:6   | Noticed a dire elephant
 24953 | Lair:6   | Noticed a dire elephant
 24998 | Lair:6   | Noticed a dire elephant
 25395 | D:10     | Noticed Erica
 25485 | D:10     | Killed Erica
 25502 | D:10     | Noticed Harold
 25516 | D:10     | Found Widwitri's General Store.
 25996 | D:10     | Killed Harold
 26259 | D:10     | Found a large runed door.
 26260 | D:10     | Found a large runed door.
 26518 | D:11     | Found a staircase to the Orcish Mines.
 27563 | D:12     | Reached skill level 13 in Unarmed Combat
 27875 | D:12     | Learned a level 2 spell: Passwall
 30181 | D:14     | Reached XP level 14. HP: 90/95 MP: 20/20
 31638 | D:14     | Found a gate to the Vaults.
 31986 | D:15     | Entered Level 15 of the Dungeon
 32012 | D:15     | Found a blossoming altar of Fedhas.
 33259 | D:15     | Reached skill level 14 in Unarmed Combat
 33673 | Orc:1    | Entered Level 1 of the Orcish Mines
 34541 | Orc:1    | Found a roughly hewn altar of Beogh.
 34720 | Orc:2    | Entered Level 2 of the Orcish Mines
 34795 | Orc:1    | Noticed an orc warlord
 34870 | Orc:1    | Killed an orc warlord
 36010 | Orc:2    | Reached skill level 10 in Fighting
 37806 | Orc:2    | HP: 2/118 [orc knight/bolt (17)]
 37815 | Orc:2    | Shot with a bolt by an orc warrior

Vault maps used:
D:1:      ldierk_water_garden, minmay_misc_feat_secret_circle
D:2:      cheibrodos_old_hovel, nicolae_overflow_hidden_temple,
          nicolae_overflow_crystal_walls, grunt_ministairs_8
D:3:      minivault_19
D:4:      lemuel_coloured_pillars_altar, grunt_dithmenos_smoke, first_ration,
          lightli_minifort, uniq_grinder, uniq_eustachio
D:5:      kennysheep_mini_moat, kennysheep_mini, uniq_edmund, uniq_ijyb
D:7:      lemuel_doored_altar, minmay_temple_entry_statues_fountains,
          grunt_ogre_cave, nicolae_water_bricks, uniq_duvessa
D:8:      due_lair_maze_entry_diamond, enter_ossuary_5,
          minmay_misc_feat_four_crosses
D:9:      nicolae_ru_path_of_blood, minmay_misc_feat_ornament,
          minmay_fire_ice_demons
D:10:     okawaru_arena_lexackson, serial_shops, shop, grunt_ministairs_9,
          minmay_misc_feat_encased, uniq_harold, uniq_nergalle, uniq_erica
D:11:     orc_0_dummy, hangedman_abyss_or_decor_stagger
D:14:     hangedman_vaults_entry_quadrant_bands
D:15:     hangedman_depths_entry_civil_slaughter, fedhas_altar_3, uniq_kirke,
          uniq_agnes
Temple:   dpeg_chambers_temple
Lair:1:   wad_woods_road_04
Lair:2:   swamp_mist_pool, guppyfry_snake_entry_island, grunt_megastairs_2,
          lemuel_fruit_fields, serial_bayou_shore_a, uniq_urug, uniq_fannar
Lair:3:   grunt_megastairs_1, infiniplex_staircase_pool_2, lemuel_fruit_tree
Lair:6:   due_jungle_book, slime_dummy
Orc:1:    mines2_david
Orc:2:    st_orc_rangers, serial_shops, shop

Skill      XL: |  1  2  3  4  5  6  7  8  9 10 11 12 13 14 |
---------------+-------------------------------------------+-----
Stealth        | 1 2 3 4 |  4.0
Unarmed Combat | 1 2 4 5 7 8 10 11 12 13 14 | 14.4
Hexes          | 4 5 6 |  6.4
Fighting       | 2 4 5 6 8 10 | 10.0
Dodging        | 3 |  3.1
Shields        | 3 7 10 11 13 | 13.1
Evocations     | 4 |  4.4
Crossbows      | 3 |  3.7
Transmutations | 5 6 |  6.0
Ice Magic      | 5 6 |  6.0
Spellcasting   | 4 |  4.0

Action                   |  1- 3 |  4- 6 |  7- 9 | 10-12 | 13-15 || total
-------------------------+-------+-------+-------+-------+-------++-------
Melee: Unarmed           |    56 |    98 |   366 |   633 |   725 ||  1878
       Constrict         |    17 |    23 |    88 |    69 |     6 ||   203
       Tentacles         |    10 |    21 |    88 |   127 |     9 ||   255
       Punch             |     1 |     2 |    27 |    56 |     5 ||    91
 Fire: Hand crossbow     |    28 |    13 |   127 |   249 |   238 ||   655
       Blowgun           |       |       |       |       |     4 ||     4
Throw: Stone             |     6 |       |     4 |     5 |       ||    15
       Throwing net      |       |       |       |       |     2 ||     2
 Cast: Corona            |     7 |    10 |    31 |    14 |       ||    62
       Confusing Touch   |       |     6 |    65 |    73 |    62 ||   206
       Slow              |       |       |    33 |    59 |    57 ||   149
       Cause Fear        |       |       |       |     2 |    11 ||    13
       Ice Form          |       |       |       |    11 |    74 ||    85
Invok: Call Merchant     |       |       |       |     2 |     2 ||     4
 Abil: End Transformatio |       |       |       |       |     2 ||     2
Evoke: Wand              |       |       |     3 |    21 |    14 ||    38
       Lamp of fire      |       |       |       |       |     1 ||     1
  Use: Scroll            |       |     5 |    14 |    10 |    14 ||    43
       Potion            |       |     1 |     2 |     7 |     9 ||    19
 Stab: Sleeping          |     1 |    11 |     7 |     6 |     3 ||    28
       Confused          |       |     2 |    41 |    43 |    40 ||   126
       Distracted        |       |       |     2 |     1 |     3 ||     6
       Paralysed         |       |       |       |    12 |       ||    12
  Eat: Chunk             |     1 |     3 |    22 |       |       ||    26
       Ration            |       |     2 |     4 |    14 |    20 ||    40
Armor: Skin              |     5 |     4 |    10 |    29 |   107 ||   155
Dodge: Dodged            |    44 |    51 |   133 |   211 |   334 ||   773
Block: Shield            |       |       |     9 |   177 |    88 ||   274

Table legend:
 A = Spawn XP
 B = Non-spawn XP
 C = Spawn XP percentage of total XP
 D = Spawn monster count
 E = Non-spawn monster count
 F = Spawn count percentage of total count
 G = Total turns spent on level
                    A         B        C        D         E        F      G
               +---------+---------+-------+---------+---------+-------+---------
         Total |       0 |   81507 |   0.0 |       0 |     593 |   0.0 | 37815
               +---------+---------+-------+---------+---------+-------+---------
           D:1 |       0 |     164 |   0.0 |       0 |      19 |   0.0 |  1249
           D:2 |       0 |      93 |   0.0 |       0 |      24 |   0.0 |  1202
           D:3 |       0 |     127 |   0.0 |       0 |      24 |   0.0 |  1710
           D:4 |       0 |     962 |   0.0 |       0 |      29 |   0.0 |  1488
           D:5 |       0 |     530 |   0.0 |       0 |      24 |   0.0 |  1891
           D:6 |       0 |    1704 |   0.0 |       0 |      43 |   0.0 |  3209
           D:7 |       0 |    2971 |   0.0 |       0 |      34 |   0.0 |  1444
           D:8 |       0 |    2377 |   0.0 |       0 |      26 |   0.0 |  1951
           D:9 |       0 |    1877 |   0.0 |       0 |      15 |   0.0 |  1016
          D:10 |       0 |    6225 |   0.0 |       0 |      48 |   0.0 |  2404
          D:11 |       0 |    4819 |   0.0 |       0 |      30 |   0.0 |  1140
          D:12 |       0 |    4661 |   0.0 |       0 |      37 |   0.0 |  1536
          D:13 |       0 |    4626 |   0.0 |       0 |      26 |   0.0 |  1112
          D:14 |       0 |    8616 |   0.0 |       0 |      27 |   0.0 |  3023
          D:15 |       0 |    7455 |   0.0 |       0 |      12 |   0.0 |   425
        Lair:1 |       0 |    2185 |   0.0 |       0 |      12 |   0.0 |  1696
        Lair:2 |       0 |    3842 |   0.0 |       0 |      15 |   0.0 |  1590
        Lair:3 |       0 |    2937 |   0.0 |       0 |      12 |   0.0 |  1050
        Lair:4 |       0 |    3025 |   0.0 |       0 |      12 |   0.0 |  1532
        Lair:5 |       0 |    4397 |   0.0 |       0 |      16 |   0.0 |  1666
        Lair:6 |       0 |    6703 |   0.0 |       0 |      24 |   0.0 |  1768
         Orc:1 |       0 |    7347 |   0.0 |       0 |      41 |   0.0 |  3253
         Orc:2 |       0 |    3864 |   0.0 |       0 |      43 |   0.0 |   404
               +---------+---------+-------+---------+---------+-------+---------
